Map: Ohana ER

Players

IagoAbreu - Winner!

  • Race: Terran Terran
  • Spawn Location: 11:00

I.A. 1 (Mais difícil)

  • Race: Protoss Protoss
  • Spawn Location: 5:00

VOD

Have the link to the VOD?

Description

Time

  • Played on: Jan. 10, 2018, 11:07 a.m.
  • Length: 20:57
Show
View Real Time Build Order
Export as new Build Order

IagoAbreu Terran - Winner!

Build Orders: Command Center First (CC) 

Get SALT Encoding   

  12  0:03  SCV  
  13  0:15  SCV  
  13  0:20  Supply Depot  
  14  0:27  SCV  
  15  0:35  Supply Depot  
  15  1:04  Command Center  
  15  1:07  SCV  
  16  1:19  SCV  
  17  1:27  Barracks  
  17  1:32  SCV  
  18  1:38  Refinery  
  18  1:44  SCV  
  19  1:50  Engineering Bay  
  19  1:56  SCV  
  20  2:08  SCV  
  21  2:15  Barracks  
  21  2:16  Marine  
  22  2:24  SCV  
  23  2:30  Engineering Bay  
  23  2:34  Marine  
  23  2:35  Refinery  
  23  2:36  SCV  
  25  2:49  Terran Infantry Weapons Level 1  
  25  2:54  SCV  
  25  2:56  Orbital Command  
  26  3:07  Bunker x2  
  26  3:18  Barracks Reactor  
  26  3:23  Barracks Tech Lab  
  26  3:29  SCV  
  27  3:34  Terran Infantry Armor Level 1  
  27  3:41  SCV  
  28  3:42  SCV  
  28  3:48  Marauder  
  31  3:53  SCV  
  31  3:54  SCV, Supply Depot  
  33  3:56  Supply Depot  
  33  4:00  Marine x2  
  35  4:05  SCV  
  35  4:08  Orbital Command  
  35  4:09  Marauder  
  38  4:17  Marine  
  38  4:18  Marine  
  40  4:27  Supply Depot  
  40  4:34  Sensor Tower  
  40  4:36  Marauder  
  42  4:41  Reaper x2  
  43  4:54  Neosteel Frame  
  43  4:58  Marauder  
  45  5:25  Reaper x2  
  47  5:32  Bunker  
  47  5:35  Bunker  
  47  5:37  Building Armor  
  47  5:40  SCV  
  47  5:42  SCV  
  49  5:47  Refinery  
  49  5:49  Refinery  
  49  5:52  SCV  
  51  6:04  SCV  
  51  6:16  SCV  
  52  6:26  Command Center  
  52  6:28  SCV, Marauder  
  55  6:41  SCV  
  56  6:53  SCV  
  57  6:56  Marine x2  
  57  6:59  Marauder  
  61  7:05  SCV  
  62  7:11  Factory  
  62  7:13  Factory  
  62  7:14  Marine x2  
  64  7:17  SCV  
  64  7:21  Marauder  
  67  7:22  Barracks  
  67  7:23  Barracks  
  67  7:32  Marine x2  
  69  7:42  Marauder  
  70  7:50  Marine x2  
  69  7:59  Starport  
  69  8:02  Starport  
  69  8:08  Factory Tech Lab x2  
  69  8:13  Marine x2  
  69  8:16  Marauder  
  73  8:20  Barracks Reactor x2  
  73  8:30  Marine  
  73  8:31  Marine, Planetary Fortress  
  75  8:37  Marauder  
  77  8:48  Marine x2  
  71  9:06  Marine x2  
  58  9:29  Starport Reactor x2  
  58  9:37  Missile Turret  
  58  9:39  Missile Turret  
  58  9:48  Missile Turret  
  58  9:54  Missile Turret  
  58  9:58  Missile Turret  
  58  10:03  Liberator x2  
  64  10:26  Marauder  
  66  10:29  Marine x2  
  66  10:30  Marine x2  
  66  10:34  Reaper x2  
  72  10:47  Marine x3, Marauder, Bunker  
  72  10:48  Marine  
  78  10:51  Bunker  
  78  11:04  Liberator x2  
  78  11:05  Marine x4  
  78  11:06  Reaper x2  
  84  11:21  Raven  
  84  11:22  Marauder  
  84  11:23  Marine x4  
  98  11:38  Reaper x2  
  100  12:10  Reaper  
  101  12:15  Supply Depot  
  101  12:16  Supply Depot  
  101  12:18  Reaper, Supply Depot x2  
  101  12:20  Supply Depot  
  100  12:30  Viking  
  95  13:00  Viking  
  97  13:09  Viking  
  97  13:10  Viking  
  101  13:14  Widow Mine x2  
  101  13:19  Siege Tank  
  108  13:21  Marine x4  
  108  13:25  Marauder  
  114  13:27  Reaper  
  114  13:28  Reaper  
  118  13:37  Raven  
  118  13:39  Marine x4, Viking x2  
  126  13:46  Marauder  
  128  13:51  Siege Tank  
  131  13:56  Marine  
  131  13:57  Marine x3  
  131  13:59  Reaper  
  131  14:00  Reaper  
  137  14:08  Marauder  
  139  14:14  Marine x2  
  141  14:19  Supply Depot  
  141  14:21  Supply Depot x2  
  141  14:23  Liberator  
  141  14:25  Liberator  
  141  14:40  Marine x2, Reaper x2  
  141  14:43  Marauder  
  153  15:00  Armory x2  
  153  15:04  Marauder  
  155  15:13  Reaper x2  
  157  15:15  Banshee  
  159  15:22  Siege Tank  
  144  15:57  Banshee  
  119  16:47  Stimpack  
  119  16:50  Terran Infantry Weapons Level 2  
  119  16:52  Terran Infantry Armor Level 2  
  119  16:54  Terran Ship Weapons Level 1  
  119  16:57  Terran Vehicle And Ship Armor Level 1  
  119  17:08  Liberator x2  
  119  17:25  Refinery  
  119  17:29  Hellion x2  
  123  18:00  Liberator x2  
  113  18:18  Banshee  
  118  18:26  Reaper x2  
  120  18:28  Marauder  
  120  18:31  Reaper x4  
  126  18:48  Combat Shields  
  126  18:50  Marauder  
  128  18:58  Reaper  
  128  18:59  Reaper  
  130  19:05  Refinery  
  127  20:06  Concussive Shells  
Show
View Real Time Build Order
Export as new Build Order

I.A. 1 (Mais difícil) Protoss 

Build Orders:  

Get SALT Encoding   

  12  0:00  Probe  
  13  0:13  Probe  
  14  0:20  Pylon  
  14  0:25  Probe  
  15  0:38  Probe  
  16  0:48  Assimilator  
  16  0:50  Probe  
  16  0:51  Gateway  
  17  1:01  Pylon  
  17  1:02  Probe  
  18  1:14  Probe  
  19  1:27  Probe  
  20  1:38  Zealot  
  22  1:43  Cybernetics Core  
  22  1:45  Gateway  
  22  1:49  Assimilator  
  22  2:05  Pylon  
  22  2:09  Zealot  
  24  2:20  Warp Gate  
  24  2:35  Stalker  
  24  2:36  Stalker  
  28  2:51  Pylon  
  28  3:06  Zealot, Adept  
  28  3:07  Probe  
  33  3:19  Probe  
  34  3:28  Pylon  
  34  3:31  Probe  
  34  3:33  Stalker x2  
  39  3:39  Forge  
  39  3:44  Probe  
  40  3:56  Probe  
  41  4:02  Stalker  
  41  4:08  Probe  
  44  4:20  Probe  
  45  4:27  Protoss Ground Weapons Level 1, Sentry  
  45  4:30  Gateway  
  47  4:31  Pylon  
  47  4:32  Probe  
  48  4:40  Zealot  
  50  4:49  Stalker  
  52  4:57  Twilight Council  
  52  5:00  Stalker  
  50  5:12  Sentry  
  42  5:23  Adept  
  44  5:30  Zealot  
  46  5:35  Blink  
  46  5:38  Stalker  
  48  5:45  Stalker  
  50  5:52  Stalker  
  50  5:55  Pylon  
  52  6:01  Adept, Robotics Facility  
  54  6:08  Zealot  
  56  6:15  Zealot  
  58  6:21  Protoss Ground Armor Level 1  
  58  6:22  Photon Cannon  
  58  6:31  Photon Cannon  
  58  6:47  Forge  
  58  6:49  Observer  
  59  6:56  Stargate  
  59  7:11  Observer  
  60  8:11  Void Ray  
  64  8:14  Gateway  
  64  8:17  Robotics Facility  
  64  8:20  Stargate  
  64  8:21  Nexus  
  64  8:23  Pylon, Stalker x2  
  64  8:41  Warp Prism  
  66  8:51  Robotics Bay  
  54  9:03  Warp Prism  
  52  9:11  Gateway  
  50  9:17  Warp Prism  
  50  9:23  Zealot  
  50  9:33  Probe x2  
  52  9:39  Colossus  
  52  9:45  Assimilator  
  58  9:47  Assimilator  
  58  9:56  Stargate  
  58  10:07  Observer  
  59  10:21  Sentry  
  61  10:35  Void Ray  
  65  10:47  Probe  
  65  10:49  Void Ray, Probe  
  71  10:59  Probe  
  71  11:01  Probe  
  73  11:07  Colossus  
  80  11:11  Probe  
  80  11:13  Probe  
  81  11:23  Probe  
  81  11:25  Probe  
  83  11:35  Probe  
  83  11:36  Pylon  
  83  11:37  Probe  
  85  11:40  Fleet Beacon  
  85  11:47  Probe  
  85  11:49  Probe  
  87  11:59  Probe  
  87  12:00  Pylon  
  88  12:05  Stargate  
  88  12:08  Stalker  
  88  12:13  Stalker  
  92  12:17  Stalker  
  92  12:22  Stalker  
  96  12:25  Carrier  
  96  12:26  Pylon  
  96  12:29  Stalker  
  102  12:32  Stalker  
  102  12:36  Stalker  
  86  12:43  Observer  
  78  13:00  Stargate  
  78  13:10  Void Ray  
  78  13:12  Nexus  
  82  13:15  Stalker  
  84  13:20  Stalker  
  84  13:25  Stalker  
  88  13:29  Stalker  
  88  13:33  Stalker  
  92  13:47  Void Ray  
  96  13:56  Probe  
  96  13:58  Probe  
  96  14:01  Void Ray  
  102  14:08  Probe  
  103  14:10  Probe, Phoenix  
  103  14:13  Pylon  
  106  14:20  Probe  
  108  14:24  Probe x2  
  108  14:29  Tempest  
  115  14:32  Probe  
  115  14:34  Assimilator  
  115  14:36  Assimilator, Probe  
  115  14:37  Probe  
  118  14:44  Oracle, Probe  
  122  14:48  Probe  
  122  14:49  Probe  
  124  14:54  Protoss Air Weapons Level 1  
  124  14:56  Probe  
  125  15:00  Probe  
  125  15:01  Pylon, Probe  
  127  15:08  Zealot, Probe  
  127  15:10  Zealot  
  127  15:12  Zealot  
  134  15:14  Zealot  
  134  15:16  Zealot  
  138  15:25  Pylon  
  138  15:28  Adept  
  140  15:30  Zealot  
  140  15:32  Sentry  
  140  15:34  Sentry  
  146  15:36  Adept  
  146  15:42  Protoss Ground Weapons Level 2  
  148  15:43  Phoenix  
  148  15:48  Observer  
  135  15:50  Pylon  
  135  15:54  Observer  
  108  15:57  Stalker  
  108  16:00  Stalker  
  104  16:04  Stalker  
  104  16:08  Stalker  
  106  16:21  Probe  
  106  16:22  Void Ray  
  101  16:27  Stalker  
  101  16:29  Zealot  
  101  16:31  Zealot  
  78  16:33  Zealot  
  78  16:36  Zealot  
  68  16:49  Stalker  
  68  16:51  Stalker x2  
  68  16:54  Sentry  
  73  16:56  Zealot  
  75  17:10  Void Ray  
  75  17:12  Stalker  
  75  17:15  Zealot  
  83  17:17  Adept  
  83  17:22  Stalker  
  87  17:29  Probe  
  70  17:34  Probe  
  71  17:40  Phoenix  
  71  17:42  Probe  
  71  17:43  Zealot  
  64  17:45  Zealot  
  64  17:46  Probe  
  64  17:50  Stalker  
  59  17:54  Probe  
  59  17:58  Probe  
  45  18:06  Stalker  
  45  18:07  Probe  
  45  18:10  Zealot  
  34  18:19  Probe  
  16  18:31  Probe  
  12  18:44  Probe  
  13  18:56  Probe  
  14  19:08  Probe  
  14  19:20  Probe  
Tags
 
Add a new tag
Caveats
  • Supply blocks, unpowered buildings, or Contaminate may cause inaccurate times.
  • Supply counts are checked every 10 seconds.